AoeStats
← bennnnnnnnnnn

Nomad

510847448Analyzed
2v2 RM · 8h ago on Oct 2, 2026· 32m 58s· 4 players
Game mode
Random Map
Map size
176×176
Population
200
Speed
Normal
Resources
Standard
Victory
Conquest
Starting age
Dark Age
Ending age
Imperial Age
RankedLock teamsTeams togetherTeam positionsShared explorationLock speedFull tech treeHidden civsTurbo modeCheats
Victory
Defeat
🇵🇪 Italians · Peru
1222
+14
🇵🇪 Persians · Peru
1135
+17
🇺🇸 Lithuanians · United States
1184
-16
🇦🇷 Mongols · Argentina
1148
-15
Oki Doki
2:47 Loom
16:10 Feudal Age
16:30 Double-Bit Axe
17:49 Wheelbarrow
19:59 Castle Age
20:24 Scale Barding Armor
20:33 Forging
22:46 Husbandry
27:27 Iron Casting
35:38 Imperial Age
gobenjc
4:45 Loom
14:59 Feudal Age
15:59 Double-Bit Axe
18:58 Castle Age
17:41 Scale Barding Armor
17:46 Forging
17:27 Town Watch
19:28 Bloodlines
25:31 Fletching
33:02 Padded Archer Armor
Roy DeMeo
5:04 Loom
12:42 Feudal Age
17:51 Castle Age
16:52 Double-Bit Axe
18:09 Horse Collar
20:03 Bow Saw
21:26 Fletching
22:46 Gold Mining
28:28 Imperial Age
27:19 Bodkin Arrow
bennnnnnnnnnn
6:24 Loom
13:16 Feudal Age
13:40 Fishing Lines
18:59 Castle Age
18:25 Double-Bit Axe
19:59 Bow Saw
22:37 Gillnets
23:06 Horse Collar
23:22 Gold Mining
26:42 Wheelbarrow
26:11 Stone Mining
27:17 Fletching
29:40 Town Watch
34:25 Imperial Age
Connection lost

Rejoining the realm…

Still unreachable

The connection could not be restored.

Session expired

The server has moved on; the page needs a fresh start.